 Dungeon Crawl Stone Soup version 0.26.1-11-gd32895ea62 (webtiles) character file.

Game seed: 3972235535639333174

117 promet the Covered (level 5, -5/32 HPs)
             Began as a Tengu Fighter on June 8, 2021.
             Asphyxiated
             ... on level 3 of the Dungeon.
             The game lasted 00:07:59 (2438 turns).

promet the Covered (Tengu Fighter)                  Turns: 2438, Time: 00:08:00

Health: -5/32      AC:  7    Str: 17    XL:     5   Next: 1%
Magic:  6/6        EV:  7    Int:  9    God:
Gold:   117        SH:  9    Dex: 13    Spells: 4/4 levels left

rFire    . . .     SeeInvis .   a - +1 rapier
rCold    . . .     Faith    .   c - +0 kite shield
rNeg     . . .     Spirit   .   b - +0 scale mail
rPois    .         Reflect  .   (helmet restricted)
rElec    .         Harm     .   (no cloak)
rCorr    .         Rampage  .   (no gloves)
Will     .....                  (boots unavailable)
Stlth    ..........             (no amulet)
HPRegen  0.10/turn              (no ring)
MPRegen  0.10/turn              (no ring)

@: lethally poisoned (-5 -> -35), slowed, very slow
A: beak, talons 3, able to fly
a: Fly


You were on level 3 of the Dungeon.
You visited 1 branch of the dungeon, and saw 3 of its levels.

You collected 117 gold pieces.

Inventory:

Hand Weapons
 a - a +1 rapier (weapon)
 i - a +0 long sword
Missiles
 f - 40 bolts
 h - 12 sling bullets
 m - 9 poisoned darts (quivered)
 o - 14 stones
Armour
 b - a +0 scale mail (worn)
 c - a +0 kite shield (worn)
Jewellery
 g - a +4 ring of slaying {unknown}
 n - a cursed ring of attention {unknown}
Scrolls
 e - a scroll of enchant weapon
Potions
 d - a potion of might
 j - a potion of curing {unknown}
 k - a potion of haste {unknown}
 l - 3 potions of berserk rage {unknown}
 p - a potion of flight {unknown}


   Skills:
 + Level 3.4 Fighting
 + Level 3.4 Short Blades
 + Level 3.9 Armour
 + Level 0.9 Dodging
 + Level 0.8 Stealth
 + Level 3.7 Shields


You had 4 spell levels left.
You didn't know any spells.
Your spell library was empty.

Dungeon Overview and Level Annotations

Branches:
Dungeon (3/15)

Altars:


Innate Abilities, Weirdness & Mutations

You have a beak for a mouth.
You have claws for feet.
You can fly continuously.


Message History

The curare-tipped dart hits you.
You are more poisoned.
You have difficulty breathing.
You feel as though you will be slow longer.
You block the shadow imp's attack.
The kobold throws a curare-tipped dart.
The curare-tipped dart hits you.
You are more poisoned.
You have difficulty breathing.
* * * LOW HITPOINT WARNING * * *
You feel as though you will be slow longer.
You hit the shadow imp.
You kill the shadow imp!
* * * LOW HITPOINT WARNING * * *
You feel very sick.
The kobold throws a curare-tipped dart.
The curare-tipped dart barely misses you.
The kobold throws a curare-tipped dart.
The curare-tipped dart hits you.
You are more poisoned.
You have difficulty breathing.
You die...

# # #..#.# ...... #
#.K#.# ...... # #.....
..... ### #.#.####...#
..# #..........# #.#
#..........# #.#
#####..........# #†#
.......@.......# #.#
######.(.....### #.#
+.......# #.#
##.......#### #.#
#...........# #.#
#.#########.#
#.############.#######
#
#.....................
#######........#######


You could see a kobold.

Vanquished Creatures
  Natasha (thrice) (D:2)
  An adder (D:2)
  A shadow imp (D:3)
  An orc (D:3)
  2 giant cockroaches
  3 goblins
  8 jackals (D:2)
  6 kobolds (D:2)
  8 bats
  A frilled lizard (D:1)
  4 rats
38 creatures vanquished.

Notes
Turn   | Place    | Note
-------+----------+-------------------------------------------
     0 | D:1      | promet the Tengu Fighter began the quest for the Orb.
     0 | D:1      | Reached XP level 1. HP: 14/14 MP: 2/2
   491 | D:1      | Reached XP level 2. HP: 19/19 MP: 3/3
  1267 | D:2      | Reached XP level 3. HP: 23/23 MP: 4/4
  1611 | D:2      | Noticed Natasha
  1617 | D:2      | Killed Natasha
  1618 | D:2      | Reached XP level 4. HP: 24/28 MP: 5/5
  2005 | D:2      | Noticed Natasha
  2016 | D:2      | Killed Natasha
  2060 | D:2      | Noticed Natasha
  2065 | D:2      | Killed Natasha
  2370 | D:3      | Gained mutation: You can fly continuously. [Tengu growth]
  2370 | D:3      | Reached XP level 5. HP: 32/32 MP: 6/6
  2438 | D:3      | Asphyxiated

Illustrated notes

Levels and vault maps discovered:
D:1:      dpeg_arrival_tiny_h, layout_loops_ring, minmay_shallow_snake_nest
D:2:      minmay_kobold_bridge, layout_basic, uniq_natasha
D:3:      minmay_bubble_buster, layout_basic

Skill      XL: |  1  2  3 |
---------------+----------+-----
Short Blades   | 3 |  3.4
Fighting       | |  3.4
Armour         | |  3.9
Dodging        | |  0.9
Stealth        | |  0.8
Shields        | |  3.7

Action                   |  1- 3 |  4- 6 || total
-------------------------+-------+-------++-------
Melee: Rapier            |    80 |    22 ||   102
       Kick              |    19 |     6 ||    25
       Peck              |     6 |     2 ||     8
  Use: Scroll            |       |     2 ||     2
 Stab: Distracted        |     1 |       ||     1
Armor: Scale mail        |    30 |     5 ||    35
Dodge: Dodged            |    22 |     6 ||    28
Block: Kite shield       |    36 |    10 ||    46
